 Dungeon Crawl Stone Soup version 0.25.1-8-g42b30a86e7 (webtiles) character file.

Game seed: 11239133835279206375

18 melloss the Sneak (level 2, 0/13 HPs)
             Began as a Spriggan Enchanter on Dec 10, 2020.
             Slain by a bat (1 damage)
             ... on level 1 of the Dungeon.
             The game lasted 00:01:36 (418 turns).

melloss the Sneak (Spriggan Enchanter)               Turns: 418, Time: 00:01:36

Health: 0/13       AC:  2    Str:  4    XL:     2   Next: 51%
Magic:  6/6        EV: 18    Int: 16    God:
Gold:   25         SH:  0    Dex: 16    Spells: 5/6 levels left

rFire    . . .     SeeInvis +   a - +1 dagger
rCold    . . .     Gourm    .   (shield restricted)
rNeg     . . .     Faith    .   b - +0 robe
rPois    .         Spirit   .   (helmet restricted)
rElec    .         Reflect  .   (no cloak)
rCorr    .         Harm     .   (gloves unavailable)
MR       .....                  (boots unavailable)
Stlth    +++.......             (no amulet)
HPRegen  0.04/turn              (no ring)
MPRegen  0.10/turn              (no ring)

@: very quick
A: very small, unfitting armour, see invisible, herbivore, speed 3, slow
metabolism 2
a: no special abilities


You were on level 1 of the Dungeon.
You were not hungry.

You visited 1 branch of the dungeon, and saw 1 of its levels.

You collected 25 gold pieces.

Inventory:

Hand Weapons
 a - a +1 dagger (weapon)
Armour
 b - a +0 robe (worn)
Potions
 c - a potion of might {unknown}
Comestibles
 d - 3 rations


   Skills:
 + Level 2.1 Short Blades
 - Level 3.0 Dodging
 + Level 5.2 Stealth
 - Level 2.6 Spellcasting
 - Level 3.6 Hexes


You had 5 spell levels left.
You knew the following spells:

 Your Spells              Type           Power        Failure   Level  Hunger
a - Corona                Hex            ##.....      4%          1    #......

Your spell library contained the following spells:

 Spells                   Type           Power        Failure   Level  Hunger
 Confusing Touch          Hex            ##......     13%         3    ###....
 Tukima's Dance           Hex            ##......     13%         3    ###....
 Ensorcelled Hibernation  Hex/Ice        #.....       14%         2    ##.....
 Dazzling Flash           Conj/Hex       #.....       28%         3    ###....


Dungeon Overview and Level Annotations

Branches:
Dungeon (1/15)

Altars:


Innate Abilities, Weirdness & Mutations

You are very small and have problems with some larger weapons.
You are too small for most types of armour.
You have supernaturally acute eyesight. (SInv)
You are a herbivore.
You cover ground extremely quickly.
You need to consume almost no food.


Message History

You hit the bat.
The bat is moderately wounded.
The bat closely misses you. x2
The kobold hits you with a +0 short sword.
* * * LOW HITPOINT WARNING * * *
The bat misses you. The bat barely misses you. The bat closely misses you.
There is a stone staircase leading down here.
You closely miss the bat. The bat hits you but does no damage.
The bat closely misses you. The bat closely misses you.
The bat closely misses you. The bat hits you but does no damage.
The bat hits you but does no damage. The bat closely misses you.
The bat closely misses you. The bat completely misses you. The bat hits you.
You die...

#### ### #.. ..# #.# #.#
## ##.## #.#
.####...######.#########
.....>...K.....b@..)...#
...##...######.####.##.#
######.## #.# #.##.# #
#.# #.# #.##.#
#.#######.# #.##.#
#.........# #.##.#
########### #.##.#
###.##.# #......#


You could see a bat and a kobold.

Vanquished Creatures
  A dart slug (D:1)
  2 leopard geckos (D:1)
  2 ball pythons (D:1)
  3 goblins (D:1)
  2 hobgoblins (D:1)
  A kobold (D:1)
  A bat (D:1)
  A rat (D:1)
13 creatures vanquished.

Vanquished Creatures (others)
  A draconian (D:1)
  A gargoyle (D:1)
  3 vine stalkers (D:1)
  An elf (D:1)
  3 trolls (D:1)
  A human (D:1)
  A naga (D:1)
  A centaur (D:1)
  A mummy (D:1)
  An orc (D:1)
  A kobold (D:1)
  11 tentacles (D:1)
26 creatures vanquished.

Grand Total: 39 creatures vanquished

Notes
Turn   | Place    | Note
-------+----------+-------------------------------------------
     0 | D:1      | melloss the Spriggan Enchanter began the quest for the Orb.
     0 | D:1      | Reached XP level 1. HP: 9/9 MP: 5/5
     2 | D:1      | Noticed a vine stalker
     2 | D:1      | Noticed a troll
     2 | D:1      | Noticed a draconian
     2 | D:1      | Noticed a vine stalker
     2 | D:1      | Noticed an elf
     2 | D:1      | Noticed a gargoyle
     2 | D:1      | Noticed a kraken
     2 | D:1      | Noticed a naga
     2 | D:1      | Noticed a human
     2 | D:1      | Noticed a troll
     2 | D:1      | Noticed a vine stalker
     2 | D:1      | Noticed a troll
     2 | D:1      | Noticed a centaur
     8 | D:1      | Killed a draconian
     9 | D:1      | Killed a gargoyle
    11 | D:1      | Killed an elf
    12 | D:1      | Killed a troll
    16 | D:1      | Killed a vine stalker
    17 | D:1      | Killed a vine stalker
    18 | D:1      | Killed a human
    20 | D:1      | Killed a naga
    22 | D:1      | Killed a centaur
    26 | D:1      | Killed a troll
    29 | D:1      | Killed a troll
    30 | D:1      | Killed a vine stalker
   154 | D:1      | Reached XP level 2. HP: 12/13 MP: 6/6
   161 | D:1      | Reached skill level 5 in Stealth
   418 | D:1      | Slain by a bat

Illustrated notes

Levels and vault maps discovered:
D:1:      nicolae_arrival_kraken_aquarium_b, layout_loops_ring

Skill      XL: |  1  2 |
---------------+-------+-----
Stealth        | 5 |  5.2
Short Blades   | 2 |  2.1
Dodging        | |  3.0
Spellcasting   | |  2.6
Hexes          | |  3.6

Action                   || total
-------------------------++-------
Melee: Dagger            ||    63
 Cast: Corona            ||     1
 Stab: Sleeping          ||     4
Armor: Robe              ||    10
Dodge: Dodged            ||    84
